 Dungeon Crawl Stone Soup version 0.24.0-1-gfbc8707 (webtiles) character file.

Game seed: 3981025640567191711, levelgen mode: deterministic

308 Benana2222 the Chopper (level 6, -11/50 HPs)
             Began as a Minotaur Monk on Nov 6, 2019.
             Was a Believer of Hepliaklqana.
             Mangled by an ogre
             ... wielding a +0 giant spiked club
              (28 damage)
             ... on level 4 of the Dungeon.
             The game lasted 00:13:50 (2643 turns).

Benana2222 the Chopper (Minotaur Monk)              Turns: 2643, Time: 00:13:51

Health: -11/50     AC:  2    Str: 17    XL:     6   Next: 16%
Magic:  5/5        EV: 20    Int:  7    God:    Hepliaklqana [**....]
Gold:   171        SH:  0    Dex: 18    Spells: 5/5 levels left

rFire    . . .     SeeInvis .   a - +2 hand axe
rCold    . . .     Gourm    .   (no shield)
rNeg     . . .     Faith    .   b - +0 robe
rPois    .         Spirit   .   (helmet restricted)
rElec    .         Reflect  .   (no cloak)
rCorr    .         Harm     .   (no gloves)
MR       .....                  (no boots)
Stlth    +++.......             e - amulet of rage
HPRegen  0.16/turn              (no ring)
MPRegen  0.09/turn              (no ring)

@: agile, lethally poisoned (-11 -> -15)
A: retaliatory headbutt, reduced essence, horns 2
a: Recall Ancestor, Ancestor Identity, Renounce Religion, Evoke Berserk Rage


You were on level 4 of the Dungeon.
You worshipped Hepliaklqana.
Hepliaklqana was pleased with you.
You were not hungry.

You visited 1 branch of the dungeon, and saw 4 of its levels.

You collected 171 gold pieces.

Inventory:

Hand Weapons
 a - a +2 hand axe (weapon)
 g - a +4 dagger
Missiles
 j - a throwing net (quivered)
 k - 83 stones
 l - 68 sling bullets
 o - 12 poisoned darts
Armour
 b - a +0 robe (worn)
 h - a +0 ring mail
Jewellery
 e - an amulet of rage (around neck)
 m - an uncursed amulet of the acrobat {unknown}
 p - an uncursed ring of ice {unknown}
Wands
 q - a wand of flame (20)
Scrolls
 f - 4 scrolls of magic mapping
 i - 4 scrolls of teleportation
 t - a scroll of fear {unknown}
Potions
 r - a potion of resistance {unknown}
Comestibles
 c - 6 rations


   Skills:
 + Level 5.3 Fighting
 + Level 5.8 Axes
 + Level 4.7 Dodging
 + Level 2.5 Stealth


You had 5 spell levels left.
You didn't know any spells.
Your spell library was empty.

Dungeon Overview and Level Annotations

Branches:
Dungeon (4/15)
 Temple: D:4-7

Altars:
Cheibriados
Hepliaklqana

Shops:
D:4 ?


Innate Abilities, Weirdness & Mutations

You reflexively headbutt those who attack you in melee.
You have a pair of horns on your head.
Your life essence is reduced to manifest your ancestor. (-10% HP)


Message History

You kill the worker ant!
You feel sick.
You hit the phantom.
The phantom is severely damaged.
You feel sick. The phantom misses you.
You closely miss the phantom. You headbutt the phantom.
The phantom is severely damaged.
You feel sick. The phantom barely misses you.
All of the chunks of flesh in your inventory have rotted away.
You slash the phantom! Your headbutt misses the phantom.
The phantom is almost destroyed.
The phantom hits you.
The phantom blinks!
You barely miss the ogre.
The ogre is lightly wounded.
You feel sick. The ogre completely misses you.
You barely miss the ogre. You headbutt the ogre.
The ogre is lightly wounded.
The ogre hits you with a +0 giant spiked club!!
Ouch! That really hurt!
You die...

..........# #........#
#......)∩# ..
#.#........#...
............?..
###.(.# #.....# #+#
#O##.## #.# #@##.##
#.# #######.# ..# #.#
####.......# #.# #.#
#.........####.####.##
+.........##.........#
#.................#..#
##.##.............#..#
# ####.#......†.#..#
#.#........#..#####


You could see an ogre.

Vanquished Creatures
  3 worker ants (D:4)
  An adder (D:3)
  A worm (D:2)
  2 dart slugs (D:2)
  A leopard gecko (D:2)
  An orc (D:3)
  A ball python (D:3)
  A giant cockroach (D:2)
  9 goblins
  7 hobgoblins
  2 quokkas (D:2)
  7 bats
  A frilled lizard (D:4)
  4 kobolds
  6 rats
47 creatures vanquished.

Vanquished Creatures (collateral kills)
  Blork the orc (D:4)
  A scorpion (D:4)
  A worker ant (D:4)
  2 adders (D:3)
  2 oozes
  An orc (D:4)
  A rat (D:3)
9 creatures vanquished.

Vanquished Creatures (others)
  A battlemage (D:4)
1 creature vanquished.

Grand Total: 57 creatures vanquished

Notes
Turn   | Place    | Note
-------+----------+-------------------------------------------
     0 | D:1      | Benana2222 the Minotaur Monk began the quest for the Orb.
     0 | D:1      | Reached XP level 1. HP: 19/19 MP: 0/0
   363 | D:1      | Reached XP level 2. HP: 27/27 MP: 1/1
  1063 | D:2      | Reached XP level 3. HP: 23/33 MP: 2/2
  1068 | D:2      | Found a hazy altar of Hepliaklqana.
  1077 | D:2      | Became a worshipper of Hepliaklqana the Forgotten
  1077 | D:2      | Reached * piety under Hepliaklqana
  1077 | D:2      | Reached ** piety under Hepliaklqana
  1078 | D:2      | Remembered your ancestor Bod as a battlemage
  1742 | D:3      | Reached XP level 4. HP: 35/36 MP: 3/3
  2004 | D:3      | Found a snail-covered altar of Cheibriados.
  2360 | D:4      | Reached skill level 5 in Axes
  2360 | D:4      | Reached XP level 5. HP: 42/42 MP: 4/4
  2400 | D:4      | Noticed Blork the orc
  2414 | D:4      | Killed Blork the orc
  2414 | D:4      | Reached skill level 5 in Fighting
  2597 | D:4      | Reached XP level 6. HP: 50/50 MP: 5/5
  2614 | D:4      | Found Coriac's Magic Scroll Boutique.
  2643 | D:4      | Mangled by an ogre

Levels and vault maps discovered:
D:1:      evilmike_arrival_hilbert_curve, layout_loops_ring, minivault_27,
          chequers_jeans
D:2:      layout_loops_corners, lemuel_coloured_pillars_altar
D:3:      layout_rooms, cheibriados_altar_1
D:4:      layout_basic, old_standard_altar, serial_shops, shop, first_ration,
          nemelex_diamond_rough_becter, uniq_natasha, uniq_blork_the_orc

Skill      XL: |  1  2  3  4  5 |
---------------+----------------+-----
Fighting       | 4 5 |  5.3
Axes           | 4 5 |  5.8
Dodging        | 4 |  4.7
Stealth        | 2 |  2.5

Action                   |  1- 3 |  4- 6 || total
-------------------------+-------+-------++-------
Melee: Hand axe          |    69 |    46 ||   115
       Headbutt          |    12 |     7 ||    19
       Dagger            |     1 |       ||     1
Invok: Ancestor Life: Ba |     1 |       ||     1
       Ancestor Identity |     1 |       ||     1
  Use: Scroll            |     6 |     1 ||     7
       Potion            |     3 |     2 ||     5
 Stab: Sleeping          |     3 |     2 ||     5
  Eat: Chunk             |     3 |     2 ||     5
Armor: Robe              |    10 |     2 ||    12
Dodge: Dodged            |    46 |    31 ||    77
